AoeStats
← PNAL | Mr.Costas

Arena

510191221Analyzed
1v1 RM · 19h ago on Sep 29, 2026· 47m 31s· 2 players
Game mode
Random Map
Map size
Tiny (2 player)
Population
200
Speed
Normal
Resources
Standard
Victory
Conquest
Starting age
Dark Age
Ending age
Imperial Age
RankedLock teamsTeams togetherTeam positionsShared explorationLock speedFull tech treeHidden civsTurbo modeCheats
Victory
Defeat
🇹🇷 Malay · Türkiye
1616
+13
🇪🇸 Bulgarians · Spain
1558
-13
PNAL | Mr.Costas
10:01 Feudal Age
14:15 Castle Age
12:45 Double-Bit Axe
16:37 Bow Saw
21:28 Horse Collar
24:41 Wheelbarrow
24:06 Gold Mining
25:33 Heavy Plow
26:02 Hand Cart
29:56 Imperial Age
28:23 Gold Shaft Mining
28:12 Loom
28:43 Forging
29:14 Fletching
29:20 Stone Mining
29:53 Ballistics
29:23 Gambesons
29:39 Squires
30:10 Scale Mail Armor
31:17 Chain Mail Armor
32:27 Chemistry
31:45 Town Watch
32:30 Masonry
32:30 Husbandry
32:40 Bloodlines
31:51 Light Cavalry
33:11 Plate Mail Armor
33:50 Scale Barding Armor
34:21 Iron Casting
33:32 Hussar
34:56 Crop Rotation
35:03 Chain Barding Armor
36:17 Blast Furnace
37:02 Pikeman
37:13 Heavy Scorpion
38:56 Architecture
40:02 Plate Barding Armor
39:24 Bodkin Arrow
42:01 Padded Archer Armor
43:28 Elite Konnik
EarlyQuitter
8:30 Feudal Age
8:09 Double-Bit Axe
8:12 Horse Collar
16:28 Castle Age
14:35 Fletching
16:42 Bow Saw
18:26 Loom
19:23 Wheelbarrow
20:43 Bodkin Arrow
22:52 Gold Mining
23:42 Heavy Plow
24:18 Stone Mining
26:12 Stone Shaft Mining
25:58 Padded Archer Armor
25:19 Crossbowman
26:46 Stone Shaft Mining
28:59 Imperial Age
26:09 Crossbowman
27:25 Ballistics
27:48 Gold Shaft Mining
28:36 Bracer
29:41 Chemistry
29:44 Padded Archer Armor
30:16 Conscription
30:53 Squires
31:04 Forging
31:55 Thumb Ring
33:01 Masonry
33:01 Arbalester
33:25 Pikeman
35:08 Crop Rotation
34:34 Halberdier
35:24 Town Watch
36:03 Murder Holes
37:49 Iron Casting
36:43 Man-at-Arms
38:21 Siege Engineers
39:48 Blast Furnace
38:11 Long Swordsman
39:23 Leather Archer Armor
38:52 Two-Handed Swordsman
41:59 Hand Cart
41:31 Treadmill Crane
43:38 Bombard Tower
45:31 Ring Archer Armor
45:07 Forced Levy
Connection lost

Rejoining the realm…

Still unreachable

The connection could not be restored.

Session expired

The server has moved on; the page needs a fresh start.